 Dungeon Crawl Stone Soup version 0.30-a0-972-gf3ab3527aa (webtiles) character file.

Game seed: 4145372934012783343

370 cforsyth the Cudgeller (level 7, -2/56 HPs)
             Began as a Formicid Fighter on Mar 31, 2023.
             Slain by Pikel
             ... wielding a +0 whip of electrocution
              (20 damage)
             ... on level 4 of the Dungeon.
             The game lasted 00:04:52 (2705 turns).

cforsyth the Cudgeller (Formicid Fighter)           Turns: 2705, Time: 00:04:52

Health: -2/56      AC: 14    Str: 22    XL:     7   Next: 2%
Magic:  7/7        EV: 11    Int:  6    God:
Gold:   106        SH:  5    Dex: 14    Spells: 6/6 levels left

rFire   . . .      SeeInvis +    a - +0 flail
rCold   . . .      Faith    .    c - +0 buckler
rNeg    + . .      Spirit   .    f - +0 plate armour
rPois   +          Reflect  .    (helmet unavailable)
rElec   .          Rampage  .    A - +2 ratskin cloak {*Rats rPois rN+ Str-1 Int-1 Dex+1}
rCorr   .                        (no gloves)
Will    +....                    (no boots) Stlth
                                 (no amulet)
HPRegen 0.29/turn                u - ring of willpower
MPRegen 0.10/turn                e - +5 ring of evasion

@: no status effects
A: permanent stasis, dig shafts and tunnels, antennae 3, four strong arms
a: Dig, Shaft Self


You were on level 4 of the Dungeon.
You visited 1 branch of the dungeon, and saw 4 of its levels.

You collected 166 gold pieces.
You spent 60 gold pieces at shops.

Inventory:

Hand Weapons
 a - a +0 flail (weapon)
Armour
 b - a +0 scale mail
 c - a +0 buckler (worn)
 f - a +0 plate armour (worn)
 A - the +2 ratskin cloak (worn) {*Rats rPois rN+ Str-1 Int-1 Dex+1}
   (You found it on level 3 of the Dungeon)

   *Rats:     When the wearer is hurt, rats may emerge from it to assist them.
   Str:       It affects your strength (-1).
   Int:       It affects your intelligence (-1).
   Dex:       It affects your dexterity (+1).
   rPois:     It protects you from poison.
   rN:        It protects you from negative energy.
Jewellery
 e - a +5 ring of evasion (right hand)
 u - a ring of willpower (left hand)
 C - an amulet of magic regeneration
Scrolls
 h - 2 scrolls of magic mapping {unknown}
 i - 5 scrolls of poison {unknown}
 j - 3 scrolls of blinking {unknown}
 l - 4 scrolls of teleportation {unknown}
 q - 2 scrolls of identify {unknown}
 r - a scroll of enchant weapon {unknown}
 s - a scroll of amnesia {unknown}
 v - a scroll of noise {unknown}
 w - 3 scrolls of butterflies {unknown}
 y - a scroll of torment {unknown}
 B - a scroll of vulnerability {unknown}
Potions
 d - a potion of might
 g - a potion of invisibility {unknown}
 k - a potion of haste {unknown}
 m - a potion of berserk rage {unknown}
 n - a potion of ambrosia {unknown}
 o - a potion of mutation {unknown}
 p - 2 potions of heal wounds {unknown}
 t - a potion of flight {unknown}
 x - a potion of attraction {unknown}
 z - a potion of degeneration {unknown}


   Skills:
 + Level 5.2 Fighting
 * Level 5.8 Maces & Flails
 - Level 3.2 Armour
 - Level 4.0 Shields


You had 6 spell levels left.
You didn't know any spells.
Your spell library contained the following spells:

 Spells                   Type           Power      Damage    Failure   Level
 Scorch                   Fire           0%         2d5       100%        2
 Flame Wave               Conj/Fire      0%         2d4       100%        4
 Iskenderun's Mystic Bla  Conj/Tloc      0%         2d3       100%        4
 Summon Cactus Giant      Summ           0%         N/A       100%        6
 Malign Gateway           Summ/Tloc      0%         N/A       100%        7
 Dragon's Call            Summ           0%         N/A       100%        9


Dungeon Overview and Level Annotations

Branches:
Dungeon (4/15)
 Temple: D:4-7

Altars:
Elyvilon
Okawaru
Trog
Wu Jian

Shops:
D:1 *   D:4 [

Annotations:
D:4 Pikel


Innate Abilities, Weirdness & Mutations

You cannot be hasted, slowed, berserked, paralysed or teleported.
You can dig through walls and to a lower floor.
You have a pair of large antennae on your head. (SInv)
Your four strong arms can wield two-handed weapons with a shield.


Message History

2 lemures come into view.
The lemure shouts!
Pikel, Merchant of Souls comes into view.
He is wielding a +0 whip of electrocution.
There are monsters nearby!
There are monsters nearby!
A lemure comes into view.
Pikel shouts!
The lemure shouts!
A lemure comes into view.
The lemure shouts!
You hit the lemure.
The lemure is lightly wounded.
The lemure hits you but does no damage.
You closely miss the lemure.
The lemure is lightly wounded.
You completely miss Pikel. You closely miss the lemure.
The lemure is lightly wounded.
Pikel hits you but does no damage.
You are electrocuted!
You hit the lemure but do no damage.
The lemure is lightly wounded.
Pikel hits you with a +0 whip of electrocution.
A river rat scurries out from under your cloak.
You are electrocuted!!
The lemure completely misses you. The lemure hits you.
Pikel attacks as you move away! Pikel barely misses you.
Your river rat misses the lemure.
Pikel attacks as you move away!
Pikel hits you with a +0 whip of electrocution!
* * * LOW HITPOINT WARNING * * *
The lemure closely misses you.
Your river rat misses the lemure.
The lemure attacks as you move away! The lemure barely misses you.
Pikel attacks as you move away! Pikel hits you but does no damage.
Pikel attacks as you move away! Pikel closely misses you.
Pikel attacks as you move away! Pikel barely misses you.
Pikel says, "Hell isn't that bad."
Pikel attacks as you move away!
Pikel hits you with a +0 whip of electrocution.
Pikel attacks as you move away!
Pikel hits you with a +0 whip of electrocution.
You are electrocuted!!
You die...

#...............#.#...#
#.##.......##..##.##.{#
##.##.......###.......##
...##................##
#.###.......###.......#
#.# #......#######.##{#
#.#####............ #.#
#.....#.#############r##
#####.#.........@K555..#
....#.################.#
....#.# #..........# #.#
....#.# #.########.###.#
....#.# #.####.....##..#
....#.###.##...#####..##
###.#......†.##......##
#.#####...#...######
#...........###


You could see Pikel, 3 lemures and a friendly river rat.

Vanquished Creatures
  A scorpion (D:4)
  2 hounds (D:4)
  An orc priest (D:4)
  A sleepcap (D:4)
  An iguana (D:4)
  2 orc wizards
  A gnoll (D:1)
  5 adders
  A worm (D:3)
  2 dart slugs (D:1)
  4 orcs
  9 ball pythons
  5 bats
  6 endoplasms
  A giant cockroach (D:1)
  5 goblins
  4 hobgoblins
  3 quokkas
  2 frilled lizards (D:1)
  5 kobolds
  2 rats (D:1)
63 creatures vanquished.

Vanquished Creatures (collateral kills)
  A giant cockroach (D:4)
1 creature vanquished.

Grand Total: 64 creatures vanquished

Notes
Turn   | Place    | Note
-------+----------+-------------------------------------------
     0 | D:1      | cforsyth the Formicid Fighter began the quest for the Orb.
     0 | D:1      | Reached XP level 1. HP: 18/18 MP: 1/1
    87 | D:1      | Reached XP level 2. HP: 24/24 MP: 2/2
   270 | D:1      | Found Siuh's Assorted Antiques.
   279 | D:1      | Bought a sapphire potion for 18 gold pieces
   358 | D:1      | Reached XP level 3. HP: 30/30 MP: 3/3
   773 | D:1      | Bought a scroll labelled ZEUR GIUH ZAC for 21 gold pieces
   773 | D:1      | Bought a scroll labelled ZEUR GIUH ZAC for 21 gold pieces
   925 | D:2      | Reached XP level 4. HP: 37/37 MP: 4/4
   946 | D:2      | Found an iron altar of Okawaru.
  1653 | D:3      | Reached XP level 5. HP: 43/43 MP: 5/5
  1854 | D:3      | Found a bloodstained altar of Trog.
  1884 | D:3      | Found the +2 ratskin cloak {*Rats rPois rN+ Str-1 Int-1
                  | Dex+1}
  1931 | D:3      | Got the Papyrus of the Planar Swarm
  2337 | D:4      | Found Oforidag's Armour Shop.
  2353 | D:4      | Reached skill level 5 in Maces & Flails
  2353 | D:4      | Reached XP level 6. HP: 46/50 MP: 6/6
  2396 | D:4      | Reached skill level 5 in Fighting
  2415 | D:4      | Found an ornate altar of the Wu Jian Council.
  2605 | D:4      | Reached XP level 7. HP: 56/56 MP: 7/7
  2678 | D:4      | Found a white marble altar of Elyvilon.
  2682 | D:4      | Noticed Pikel
  2705 | D:4      | Slain by Pikel

Illustrated notes

Levels and vault maps discovered:
D:1:      roderic_crossed_star, layout_loops_ring, serial_shops, shop
D:2:      layout_loops_cross, basic_altar, hangedman_decor_growths
D:3:      layout_basic, mainiacjoe_overflow_alcove_1, minmay_three_crescents
D:4:      layout_rooms, mainiacjoe_overflow_24_doors,
          mainiacjoe_overflow_small_starburst, serial_co_window_serial,
          co_window_paths_a, co_window_of_opportunity_a, co_window_corner_a,
          co_window_paths_b, co_window_of_opportunity_a, co_window_paths_c,
          co_window_corner_b, co_window_2corner, co_window_paths_c,
          co_window_cross_2, co_window_corner_b, co_window_broadway_b,
          glass_columns_a, glass_columns_b, serial_shops, shop, uniq_pikel

Skill      XL: |  1  2  3  4  5  6 |
---------------+-------------------+-----
Maces & Flails | 3 4 5 |  5.8
Fighting       | 4 5 |  5.2
Armour         | |  3.2
Shields        | |  4.0

Action                     |  1- 3 |  4- 6 |  7- 9 || total
---------------------------+-------+-------+-------++-------
  Melee: Flail             |    82 |   122 |     5 ||   209
   Stab: Distracted        |       |     1 |       ||     1
 Armour: Plate armour      |    49 |    86 |     3 ||   138
  Dodge: Dodged            |    19 |    68 |     6 ||    93
  Block: Buckler           |    22 |    30 |       ||    52

Table legend: (Time is in decaauts)
 A = Elapsed time spent in this place.
 B = Non-inter-level travel time spent in this place.
 C = Inter-level travel time spent in this place.
 D = Time resting spent in this place.
 E = Time spent auto-exploring this place.
 F = Levels seen in this place.
 G = Mean time per level.
                   A        B        C        D        E       F      G
               +--------+--------+--------+--------+--------+-----+--------+
         Total |   2754 |   2559 |    195 |      0 |   2035 |   4 |  688.5 |
       Dungeon |   2754 |   2559 |    195 |      0 |   2035 |   4 |  688.5 |
               +--------+--------+--------+--------+--------+-----+--------+

Top non-repeatable levels by time:
     D:3: 915 daAuts
     D:1: 803 daAuts
     D:2: 657 daAuts
     D:4: 378 daAuts
